Pick #1

Connor Bedard
Pick #2

Leo Carlsson
Pick #3

Adam Fantilli
Pick #4

Matvei Michkov
Pick #5

David Reinbacher
Pick #6

William Smith
Pick #7

Zachary Benson
Pick #8

Ryan Leonard
Pick #9

Gabriel Perreault
Pick #10

Axel Sandin-Pellika
Pick #11

Daniil But
Pick #12

Dalibor Dvorsky
Pick #13

Quentin Musty
Pick #14

Brayden Yager
Pick #15

Dmitry Simashev
Pick #16

Colby Barlow
Pick #17

Andrew Cristall
Pick #18

Easton Cowan
Pick #19

Jacob Fowler
Pick #20

Oliver Moore
Pick #21

Oliver Bonk
Pick #22

Tom Willander
Pick #23

Calum Ritchie
Pick #24

Tanner Molendyk
Pick #25

Gavin Brindley
Pick #26

Nate Danielson
Pick #27

Pick #28

Pick #29

Pick #30

Pick #31

Pick #32

Pick #33

Pick #34

Pick #35

Pick #36

Pick #37

Pick #38

Pick #39

Pick #40

Pick #41

Pick #42

Pick #43

Pick #44

Pick #45

Pick #46

Pick #47

Pick #48

Pick #49

Pick #50

Pick #51

Pick #52

Pick #53

Pick #54

Pick #55

Pick #56

Pick #57

Pick #58

Pick #59

Pick #60

Pick #61

Pick #62

Pick #63

Pick #64

Pick #65

Pick #66

Pick #67

Pick #68

Pick #69

Pick #70

Pick #71

Pick #72

Pick #73

Pick #74

Pick #75

Pick #76

Pick #77

Pick #78

Pick #79

Pick #80

Pick #81

Pick #82

Pick #83

Pick #84

Pick #85

Pick #86

Pick #87

Pick #88

Pick #89

Pick #90

Pick #91

Pick #92

Pick #93

Pick #94

Pick #95

Pick #96

Pick #97

Pick #98

Pick #99

Pick #100

Pick #101

Pick #102

Pick #103

Pick #104

Pick #105

Pick #106

Pick #107

Pick #108

Pick #109

Pick #110

Pick #111

Pick #112

Pick #113

Pick #114

Pick #115

Pick #116

Pick #117

Pick #118

Pick #119

Pick #120

Pick #121

Pick #122

Pick #123

Pick #124

Pick #125

Pick #126

Pick #127

Pick #128

Pick #129

Pick #130

Full Scoreboard »»

MapleLeafs vs Devils

Created - March 20, 2024 at 00:52

Goals
1 2 3 OT1 SO T
MapleLeafs 1 0 0 0 0 1
Devils 0 0 1 0 1 2
Shots
1 2 3 OT1 SO T
MapleLeafs 7 9 5 3 3 24
Devils 9 6 9 2 3 26

GoalsPenalties
1st period
1. MapleLeafs , Trent Frederic 2 (John Marino 21, Erik Cernak 18) at 11:57
Nino Niederreiter (NJD) for Interference (Minor) at 14:30
2nd period
No Goal
Damon Severson (NJD) for Hooking (Minor) at 0:17
Brian Dumoulin (NJD) for Roughing (Minor) at 8:25
Damon Severson (NJD) for Hooking (Minor) at 12:24
Trent Frederic (TOR) for Roughing (Minor) at 12:24
3rd period
2. Devils , Dougie Hamilton 16 (Mikhail Sergachev 42) at 16:29 (PP)
Trent Frederic (TOR) for Elbowing (Minor) at 15:53
Rasmus Sandin (TOR) for Roughing (Minor) at 18:12
Overtime #1
No Goal
Shootout
MapleLeafs, Jonathan Huberdeau - Stopped by Andrei Vasilevskiy
Devils, Sam Reinhart - Shot Misses the Net
MapleLeafs, Anthony Duclair - Stopped by Andrei Vasilevskiy
Devils, Chris Kreider - Stopped by Jordan Binnington
MapleLeafs, Drake Batherson - Stopped by Andrei Vasilevskiy
Devils, Evgeni Malkin - Goal!
Goalie Stats
Jordan Binnington (TOR), 25 saves from 26 shots - (0.962), OTL, 19-19-7, 65:00 minutes
Andrei Vasilevskiy (NJD), 23 saves from 24 shots - (0.958), W, 26-14-9, 65:00 minutes
3 StarsOfficial
1 - Jordan Binnington (TOR)
2 - Andrei Vasilevskiy (NJD)
3 - Dougie Hamilton (NJD)
Referees : Reid Anderson and TJ Luxmore
Linesman : Scott Driscoll and Travis Gawryletz
Game Note
No Game Note
Finance
Level 1 -- Attendance: 5877 (97.95%) -- Ticket Income $658,224
Level 2 -- Attendance: 5000 (100.00%) -- Ticket Income $405,000
Level 3 -- Attendance: 2000 (100.00%) -- Ticket Income $160,000
Level 4 -- Attendance: 3089 (85.21%) -- Ticket Income $46,335
Luxury Box -- Attendance: 993 (99.30%) -- Ticket Income $193,635
Game was played at the Prudential Center.
Total Attendance: 16959 (96.22%)
Total Ticket Income: $1,463,194
Other Income: $365,798
Total Income: $1,828,992



Team Name Goals Shots Shots Attemp Shots Blocked PIM HIT PP PK FO%
MapleLeafs 1244996260 / 3 (0%)158%
Devils 2266848201 / 2 (50%)042%

MapleLeafs
Player Name POS G A P +/- PIM HIT SHT SB MP PP MP PP SHT PK MP PK SHT FO% FOT
Alexander RomanovD0000021124:062:5901:5700% 0
Anthony DuclairLW0000013020:153:0200:12033% 3
Arthur KaliyevRW0000000016:120:0000:0000% 1
Barrett HaytonC0000013121:253:0210:00053% 17
Drake BathersonRW0000016018:462:5520:0000% 1
Elmer SoderblomLW000000106:080:0000:0000% 0
Erik CernakD0111031120:040:0000:5100% 0
Filip ChytilC0001001117:353:0200:12058% 19
John MarinoD0111000218:370:0001:4400% 0
Jonatan BerggrenRW0001020014:030:0000:0000% 1
Jonathan HuberdeauC0000002017:142:5500:0000% 0
Nicolas HagueD0000040120:092:5800:3800% 0
Noah CatesLW0000010010:000:0002:1100% 0
Noel AcciariC000001109:320:0002:23071% 17
Rasmus SandinD0000210021:422:5900:0000% 0
Shane PintoC0000021020:132:5500:00063% 24
Trent FredericC1011431014:010:0000:0000% 0
Zach WhitecloudD0000043220:332:5820:0000% 0
Devils
Player Name POS G A P +/- PIM HIT SHT SB MP PP MP PP SHT PK MP PK SHT FO% FOT
Alexander WennbergC0000001014:440:0000:00053% 15
Brian DumoulinD0000200218:480:0002:0600% 0
Chris KreiderLW0000032019:552:0500:0800% 1
Conor ShearyLW0000021016:470:0002:03067% 3
Damon SeversonD000-1422019:230:1811:4700% 0
Dougie HamiltonD1010002022:542:0511:3400% 0
Dylan CozensC000-1000015:300:1800:0000% 0
Evgeni MalkinC000-1014017:330:1800:00052% 25
Justin SchultzD0000001119:510:0002:5500% 0
Mathieu JosephRW000000208:440:0003:4610% 1
Matt BoldyLW000-1012018:010:1810:0000% 1
Michael McCarronRW000001007:010:0002:0300% 1
Mikhail SergachevD0110020021:132:0500:1400% 0
Nino NiederreiterRW0000253016:000:1800:000100% 1
Ryan GravesD000-1001122:420:0003:1800% 0
Sam ReinhartC0000004020:312:0510:08033% 21
Travis KonecnyRW0000021018:512:0500:00033% 3
Trevor LewisC000001008:440:0003:46027% 11



Play-by-Play

1st period


0:01 of 1st period - Shane Pinto wins face-off versus Sam Reinhart in neutral zone.
0:58 of 1st period - Rasmus Sandin is hit by Evgeni Malkin and loses puck.
1:04 of 1st period - Off-side.
1:05 of 1st period - Alexander Wennberg wins face-off versus Barrett Hayton in neutral zone.
2:26 of 1st period - Icing by Matt Boldy.
2:27 of 1st period - Filip Chytil wins face-off versus Evgeni Malkin in Devils zone.
2:37 of 1st period - Icing by Nicolas Hague.
2:38 of 1st period - Trevor Lewis wins face-off versus Jonatan Berggren in MapleLeafs zone.
2:46 of 1st period - Nicolas Hague is hit by Michael McCarron and loses puck.
2:51 of 1st period - Mikhail Sergachev is hit by Trent Frederic and loses puck.
2:56 of 1st period - Shot by Zach Whitecloud.
2:56 of 1st period - Stopped by Andrei Vasilevskiy without a rebound.
2:57 of 1st period - Alexander Wennberg wins face-off versus Noel Acciari in Devils zone.
3:35 of 1st period - Shot by Nino Niederreiter.
3:35 of 1st period - Stopped by Jordan Binnington with a rebound.
3:48 of 1st period - Icing by Rasmus Sandin.
3:49 of 1st period - Travis Konecny wins face-off versus Noel Acciari in MapleLeafs zone.
3:58 of 1st period - Shot by Chris Kreider.
3:58 of 1st period - Shot Misses the Net.
4:00 of 1st period - Shot by Mikhail Sergachev.
4:00 of 1st period - Shot Misses the Net.
4:09 of 1st period - Icing by Alexander Romanov.
4:10 of 1st period - Evgeni Malkin wins face-off versus Noel Acciari in MapleLeafs zone.
4:41 of 1st period - Shot by Ryan Graves.
4:41 of 1st period - Shot Misses the Net.
4:47 of 1st period - Shot by Matt Boldy.
4:47 of 1st period - Stopped by Jordan Binnington without a rebound.
4:48 of 1st period - Sam Reinhart wins face-off versus Filip Chytil in MapleLeafs zone.
4:48 of 1st period - Travis Konecny is hit by Zach Whitecloud and loses puck.
5:01 of 1st period - Sam Reinhart is hit by Zach Whitecloud and loses puck.
5:06 of 1st period - Shot by Chris Kreider.
5:06 of 1st period - Shot Blocked by Filip Chytil.
5:11 of 1st period - Sam Reinhart is hit by Nicolas Hague and loses puck.
5:26 of 1st period - Shot by Jonatan Berggren.
5:26 of 1st period - Shot Misses the Net.
6:41 of 1st period - Icing by Erik Cernak.
6:42 of 1st period - Evgeni Malkin wins face-off versus Shane Pinto in MapleLeafs zone.
6:55 of 1st period - Shot by Dylan Cozens.
6:55 of 1st period - Deflect By Evgeni Malkin.
6:55 of 1st period - Stopped by Jordan Binnington without a rebound.
6:56 of 1st period - Barrett Hayton wins face-off versus Alexander Wennberg in MapleLeafs zone.
6:56 of 1st period - Barrett Hayton is hit by Nino Niederreiter.
7:08 of 1st period - Shot by Barrett Hayton.
7:08 of 1st period - Stopped by Andrei Vasilevskiy without a rebound.
7:09 of 1st period - Evgeni Malkin wins face-off versus Filip Chytil in Devils zone.
7:51 of 1st period - Shot by Jonatan Berggren.
7:51 of 1st period - Shot Misses the Net.
8:21 of 1st period - Shot by Barrett Hayton.
8:21 of 1st period - Stopped by Andrei Vasilevskiy without a rebound.
8:22 of 1st period - Shane Pinto wins face-off versus Sam Reinhart in Devils zone.
8:27 of 1st period - Shot by Drake Batherson.
8:27 of 1st period - Stopped by Andrei Vasilevskiy without a rebound.
8:28 of 1st period - Barrett Hayton wins face-off versus Alexander Wennberg in Devils zone.
8:28 of 1st period - Barrett Hayton is hit by Damon Severson.
8:55 of 1st period - Icing by Barrett Hayton.
8:56 of 1st period - Barrett Hayton wins face-off versus Travis Konecny in MapleLeafs zone.
9:01 of 1st period - Justin Schultz is hit by Barrett Hayton and loses puck.
9:30 of 1st period - Jonathan Huberdeau is hit by Chris Kreider and loses puck.
10:08 of 1st period - Shot by Damon Severson.
10:08 of 1st period - Stopped by Jordan Binnington without a rebound.
10:09 of 1st period - Evgeni Malkin wins face-off versus Filip Chytil in MapleLeafs zone.
10:18 of 1st period - Shot by Evgeni Malkin.
10:18 of 1st period - Stopped by Jordan Binnington without a rebound.
10:19 of 1st period - Noel Acciari wins face-off versus Alexander Wennberg in MapleLeafs zone.
10:19 of 1st period - Noel Acciari is hit by Nino Niederreiter.
10:30 of 1st period - Icing by Dougie Hamilton.
10:31 of 1st period - Alexander Wennberg wins face-off versus Barrett Hayton in Devils zone.
11:14 of 1st period - Icing by Barrett Hayton.
11:15 of 1st period - Evgeni Malkin wins face-off versus Anthony Duclair in MapleLeafs zone.
11:37 of 1st period - Shot by Evgeni Malkin.
11:37 of 1st period - Shot Misses the Net.
11:57 of 1st period - Shot by Trent Frederic.
11:57 of 1st period - Goal by Trent Frederic - MapleLeafs : 1 - Devils : 0.
11:58 of 1st period - Shane Pinto wins face-off versus Sam Reinhart in neutral zone.
12:06 of 1st period - Shot by Sam Reinhart.
12:06 of 1st period - Stopped by Jordan Binnington without a rebound.
12:07 of 1st period - Shane Pinto wins face-off versus Trevor Lewis in MapleLeafs zone.
12:15 of 1st period - Justin Schultz is hit by Nicolas Hague and loses puck.
12:37 of 1st period - Off-side.
12:38 of 1st period - Filip Chytil wins face-off versus Sam Reinhart in neutral zone.
13:31 of 1st period - Icing by John Marino.
13:32 of 1st period - Filip Chytil wins face-off versus Evgeni Malkin in MapleLeafs zone.
13:52 of 1st period - Icing by Zach Whitecloud.
13:53 of 1st period - Nino Niederreiter wins face-off versus Barrett Hayton in MapleLeafs zone.
13:54 of 1st period - Shot by Conor Sheary.
13:54 of 1st period - Deflect By Alexander Wennberg.
13:54 of 1st period - Shot Misses the Net.
13:56 of 1st period - Shot by Justin Schultz.
13:56 of 1st period - Stopped by Jordan Binnington without a rebound.
13:57 of 1st period - Alexander Wennberg wins face-off versus Shane Pinto in MapleLeafs zone.
14:15 of 1st period - Drake Batherson is hit by Nino Niederreiter.
14:30 of 1st period - Minor Penalty to Nino Niederreiter for Interference.
14:31 of 1st period - Filip Chytil wins face-off versus Trevor Lewis in Devils zone.
15:02 of 1st period - Shot by Anthony Duclair.
15:02 of 1st period - Shot Blocked by Brian Dumoulin.
15:04 of 1st period - Shot by Alexander Romanov.
15:04 of 1st period - Shot Misses the Net.
15:06 of 1st period - Shot by Barrett Hayton.
15:06 of 1st period - Stopped by Andrei Vasilevskiy with a rebound.
15:08 of 1st period - Shot by Anthony Duclair.
15:08 of 1st period - Shot Misses the Net.
16:21 of 1st period - Shot by Mathieu Joseph.
16:21 of 1st period - Stopped by Jordan Binnington with a rebound.
17:00 of 1st period - Dougie Hamilton is hit by Erik Cernak and loses puck.
17:10 of 1st period - Evgeni Malkin is hit by Erik Cernak and loses puck.
17:42 of 1st period - Icing by Justin Schultz.
17:43 of 1st period - Sam Reinhart wins face-off versus Filip Chytil in Devils zone.
17:43 of 1st period - Sam Reinhart is hit by Trent Frederic.
18:10 of 1st period - Shot by Filip Chytil.
18:10 of 1st period - Stopped by Andrei Vasilevskiy without a rebound.
18:11 of 1st period - Alexander Wennberg wins face-off versus Barrett Hayton in Devils zone.
18:44 of 1st period - Shot by Conor Sheary.
18:44 of 1st period - Stopped by Jordan Binnington without a rebound.
18:45 of 1st period - Shane Pinto wins face-off versus Evgeni Malkin in MapleLeafs zone.
19:40 of 1st period - Mikhail Sergachev is hit by Trent Frederic.
Goals for this period are 1 for MapleLeafs vs 0 for Devils.
Shots for this period are 7 for MapleLeafs vs 9 for Devils.

2nd period


0:01 of 2nd period - Barrett Hayton wins face-off versus Alexander Wennberg in neutral zone.
0:01 of 2nd period - Anthony Duclair is hit by Conor Sheary and loses puck.
0:17 of 2nd period - Minor Penalty to Damon Severson for Hooking.
0:18 of 2nd period - Shane Pinto wins face-off versus Trevor Lewis in Devils zone.
1:51 of 2nd period - Shot by Zach Whitecloud.
1:51 of 2nd period - Stopped by Andrei Vasilevskiy without a rebound.
1:52 of 2nd period - Filip Chytil wins face-off versus Trevor Lewis in Devils zone.
2:01 of 2nd period - Shot by Zach Whitecloud.
2:01 of 2nd period - Shot Misses the Net.
2:32 of 2nd period - Shot by Dougie Hamilton.
2:32 of 2nd period - Stopped by Jordan Binnington without a rebound.
2:33 of 2nd period - Shane Pinto wins face-off versus Evgeni Malkin in MapleLeafs zone.
3:12 of 2nd period - Shot by Jonathan Huberdeau.
3:12 of 2nd period - Stopped by Andrei Vasilevskiy without a rebound.
3:13 of 2nd period - Alexander Wennberg wins face-off versus Noel Acciari in Devils zone.
3:34 of 2nd period - Shot by Noah Cates.
3:34 of 2nd period - Shot Misses the Net.
3:42 of 2nd period - Shot by Noel Acciari.
3:42 of 2nd period - Stopped by Andrei Vasilevskiy without a rebound.
3:43 of 2nd period - Sam Reinhart wins face-off versus Barrett Hayton in Devils zone.
4:15 of 2nd period - Shot by Travis Konecny.
4:15 of 2nd period - Shot Misses the Net.
4:17 of 2nd period - Shot by Brian Dumoulin.
4:17 of 2nd period - Shot Misses the Net.
4:49 of 2nd period - Shot by Alexander Wennberg.
4:49 of 2nd period - Stopped by Jordan Binnington without a rebound.
4:50 of 2nd period - Filip Chytil wins face-off versus Evgeni Malkin in MapleLeafs zone.
4:52 of 2nd period - Icing by Rasmus Sandin.
4:53 of 2nd period - Alexander Wennberg wins face-off versus Filip Chytil in MapleLeafs zone.
5:15 of 2nd period - Shot by Filip Chytil.
5:15 of 2nd period - Deflect By Jonatan Berggren.
5:15 of 2nd period - Shot Blocked by Ryan Graves.
5:22 of 2nd period - Nino Niederreiter is hit by Rasmus Sandin.
5:28 of 2nd period - Shot by Alexander Wennberg.
5:28 of 2nd period - Shot Misses the Net.
5:30 of 2nd period - Shot by Ryan Graves.
5:30 of 2nd period - Stopped by Jordan Binnington with a rebound.
6:08 of 2nd period - Shot by Sam Reinhart.
6:08 of 2nd period - Shot Blocked by Erik Cernak.
6:18 of 2nd period - Chris Kreider is hit by Drake Batherson and loses puck.
6:31 of 2nd period - Shot by Drake Batherson.
6:31 of 2nd period - Stopped by Andrei Vasilevskiy without a rebound.
6:32 of 2nd period - Barrett Hayton wins face-off versus Evgeni Malkin in Devils zone.
6:52 of 2nd period - Zach Whitecloud is hit by Matt Boldy and loses puck.
7:02 of 2nd period - Icing by Zach Whitecloud.
7:03 of 2nd period - Barrett Hayton wins face-off versus Trevor Lewis in MapleLeafs zone.
8:09 of 2nd period - Icing by Alexander Wennberg.
8:10 of 2nd period - Conor Sheary wins face-off versus Shane Pinto in Devils zone.
8:10 of 2nd period - Conor Sheary is hit by Shane Pinto.
8:25 of 2nd period - Minor Penalty to Brian Dumoulin for Roughing.
8:26 of 2nd period - Shane Pinto wins face-off versus Trevor Lewis in Devils zone.
8:33 of 2nd period - Shot by Drake Batherson.
8:33 of 2nd period - Stopped by Andrei Vasilevskiy without a rebound.
8:34 of 2nd period - Filip Chytil wins face-off versus Mathieu Joseph in Devils zone.
9:06 of 2nd period - Conor Sheary is hit by Alexander Romanov and loses puck.
9:44 of 2nd period - Shot by Shane Pinto.
9:44 of 2nd period - Shot Misses the Net.
9:46 of 2nd period - Shot by Zach Whitecloud.
9:46 of 2nd period - Stopped by Andrei Vasilevskiy without a rebound.
9:47 of 2nd period - Shane Pinto wins face-off versus Trevor Lewis in Devils zone.
9:54 of 2nd period - Shot by Drake Batherson.
9:54 of 2nd period - Stopped by Andrei Vasilevskiy with a rebound.
10:01 of 2nd period - Icing by Drake Batherson.
10:02 of 2nd period - Shane Pinto wins face-off versus Michael McCarron in MapleLeafs zone.
10:10 of 2nd period - Icing by Zach Whitecloud.
10:11 of 2nd period - Trevor Lewis wins face-off versus Shane Pinto in MapleLeafs zone.
10:33 of 2nd period - Shot by Evgeni Malkin.
10:33 of 2nd period - Shot Misses the Net.
11:29 of 2nd period - Sam Reinhart is hit by Anthony Duclair.
11:57 of 2nd period - Icing by Brian Dumoulin.
11:58 of 2nd period - Filip Chytil wins face-off versus Travis Konecny in Devils zone.
12:03 of 2nd period - Shot by Jonatan Berggren.
12:03 of 2nd period - Shot Misses the Net.
12:08 of 2nd period - Travis Konecny is hit by Zach Whitecloud and loses puck.
12:11 of 2nd period - Shot by Travis Konecny.
12:11 of 2nd period - Shot Misses the Net.
12:24 of 2nd period - Minor Penalty to Damon Severson for Hooking.
12:24 of 2nd period - Minor Penalty to Trent Frederic for Roughing.
12:25 of 2nd period - Shane Pinto wins face-off versus Sam Reinhart in Devils zone.
12:45 of 2nd period - Mikhail Sergachev is hit by Noah Cates and loses puck.
13:30 of 2nd period - Shot by Travis Konecny.
13:30 of 2nd period - Shot Blocked by John Marino.
13:32 of 2nd period - Shot by Evgeni Malkin.
13:32 of 2nd period - Shot Misses the Net.
13:57 of 2nd period - Icing by John Marino.
13:58 of 2nd period - Barrett Hayton wins face-off versus Chris Kreider in MapleLeafs zone.
15:33 of 2nd period - Shot by Erik Cernak.
15:33 of 2nd period - Stopped by Andrei Vasilevskiy with a rebound.
15:35 of 2nd period - Shot by Filip Chytil.
15:35 of 2nd period - Shot Blocked by Justin Schultz.
15:48 of 2nd period - Off-side.
15:49 of 2nd period - Sam Reinhart wins face-off versus Barrett Hayton in neutral zone.
16:21 of 2nd period - Shot by Anthony Duclair.
16:21 of 2nd period - Shot Misses the Net.
16:23 of 2nd period - Shot by Alexander Romanov.
16:23 of 2nd period - Stopped by Andrei Vasilevskiy without a rebound.
16:24 of 2nd period - Evgeni Malkin wins face-off versus Drake Batherson in Devils zone.
16:24 of 2nd period - Evgeni Malkin is hit by Shane Pinto.
17:52 of 2nd period - John Marino is hit by Conor Sheary and loses puck.
18:08 of 2nd period - Icing by John Marino.
18:09 of 2nd period - Filip Chytil wins face-off versus Sam Reinhart in MapleLeafs zone.
18:09 of 2nd period - Filip Chytil is hit by Chris Kreider.
18:15 of 2nd period - Damon Severson is hit by Jonatan Berggren and loses puck.
18:35 of 2nd period - Shot by Travis Konecny.
18:35 of 2nd period - Stopped by Jordan Binnington with a rebound.
18:37 of 2nd period - Shot by Chris Kreider.
18:37 of 2nd period - Shot Misses the Net.
18:39 of 2nd period - Shot by Sam Reinhart.
18:39 of 2nd period - Stopped by Jordan Binnington without a rebound.
18:40 of 2nd period - Noel Acciari wins face-off versus Evgeni Malkin in MapleLeafs zone.
18:59 of 2nd period - Off-side.
19:00 of 2nd period - Alexander Wennberg wins face-off versus Shane Pinto in neutral zone.
19:03 of 2nd period - Shot by Nino Niederreiter.
19:03 of 2nd period - Stopped by Jordan Binnington without a rebound.
19:04 of 2nd period - Shane Pinto wins face-off versus Evgeni Malkin in MapleLeafs zone.
19:12 of 2nd period - Icing by Matt Boldy.
19:13 of 2nd period - Evgeni Malkin wins face-off versus Barrett Hayton in Devils zone.
19:25 of 2nd period - Icing by John Marino.
19:26 of 2nd period - Barrett Hayton wins face-off versus Sam Reinhart in MapleLeafs zone.
19:26 of 2nd period - Barrett Hayton is hit by Chris Kreider.
19:43 of 2nd period - Icing by Barrett Hayton.
19:44 of 2nd period - Barrett Hayton wins face-off versus Alexander Wennberg in MapleLeafs zone.
19:46 of 2nd period - Erik Cernak is hit by Nino Niederreiter and loses puck.
19:58 of 2nd period - Shot by Conor Sheary.
19:58 of 2nd period - Shot Misses the Net.
Goals for this period are 0 for MapleLeafs vs 0 for Devils.
Shots for this period are 9 for MapleLeafs vs 6 for Devils.

3rd period


0:01 of 3rd period - Evgeni Malkin wins face-off versus Shane Pinto in neutral zone.
1:06 of 3rd period - Shot by Anthony Duclair.
1:06 of 3rd period - Stopped by Andrei Vasilevskiy without a rebound.
1:07 of 3rd period - Filip Chytil wins face-off versus Conor Sheary in Devils zone.
2:07 of 3rd period - Icing by Travis Konecny.
2:08 of 3rd period - Shane Pinto wins face-off versus Sam Reinhart in Devils zone.
2:20 of 3rd period - Off-side.
2:21 of 3rd period - Evgeni Malkin wins face-off versus Arthur Kaliyev in neutral zone.
2:33 of 3rd period - Shot by Dylan Cozens.
2:33 of 3rd period - Shot Misses the Net.
4:03 of 3rd period - Shot by Jonathan Huberdeau.
4:03 of 3rd period - Stopped by Andrei Vasilevskiy without a rebound.
4:04 of 3rd period - Filip Chytil wins face-off versus Alexander Wennberg in Devils zone.
4:09 of 3rd period - Shot by Filip Chytil.
4:09 of 3rd period - Deflect By Trent Frederic.
4:09 of 3rd period - Shot Blocked by Brian Dumoulin.
4:35 of 3rd period - Off-side.
4:36 of 3rd period - Noel Acciari wins face-off versus Evgeni Malkin in neutral zone.
4:39 of 3rd period - Damon Severson is hit by Noel Acciari and loses puck.
4:43 of 3rd period - Icing by Damon Severson.
4:44 of 3rd period - Shane Pinto wins face-off versus Evgeni Malkin in Devils zone.
5:17 of 3rd period - Shot by Shane Pinto.
5:17 of 3rd period - Shot Misses the Net.
5:21 of 3rd period - Shot by Jonathan Huberdeau.
5:21 of 3rd period - Shot Misses the Net.
5:23 of 3rd period - Shot by Jonathan Huberdeau.
5:23 of 3rd period - Shot Misses the Net.
5:50 of 3rd period - Shot by Chris Kreider.
5:50 of 3rd period - Stopped by Jordan Binnington without a rebound.
5:51 of 3rd period - Conor Sheary wins face-off versus Filip Chytil in MapleLeafs zone.
6:02 of 3rd period - Shot by Mikhail Sergachev.
6:02 of 3rd period - Shot Misses the Net.
6:08 of 3rd period - Shot by Conor Sheary.
6:08 of 3rd period - Shot Misses the Net.
6:10 of 3rd period - Shot by Conor Sheary.
6:10 of 3rd period - Shot Misses the Net.
6:26 of 3rd period - Shot by Nino Niederreiter.
6:26 of 3rd period - Shot Misses the Net.
7:54 of 3rd period - Shot by Jonathan Huberdeau.
7:54 of 3rd period - Deflect By Shane Pinto.
7:54 of 3rd period - Stopped by Andrei Vasilevskiy without a rebound.
7:55 of 3rd period - Noel Acciari wins face-off versus Evgeni Malkin in Devils zone.
8:08 of 3rd period - Shot by Dylan Cozens.
8:08 of 3rd period - Deflect By Evgeni Malkin.
8:08 of 3rd period - Stopped by Jordan Binnington with a rebound.
8:13 of 3rd period - Rasmus Sandin is hit by Damon Severson and loses puck.
8:16 of 3rd period - Shot by Elmer Soderblom.
8:16 of 3rd period - Stopped by Andrei Vasilevskiy with a rebound.
8:33 of 3rd period - Icing by Damon Severson.
8:34 of 3rd period - Evgeni Malkin wins face-off versus Shane Pinto in Devils zone.
8:44 of 3rd period - Matt Boldy is hit by Nicolas Hague and loses puck.
8:58 of 3rd period - Icing by Zach Whitecloud.
8:59 of 3rd period - Shane Pinto wins face-off versus Alexander Wennberg in MapleLeafs zone.
8:59 of 3rd period - Jonathan Huberdeau is hit by Nino Niederreiter and loses puck.
9:17 of 3rd period - Alexander Wennberg is hit by Zach Whitecloud and loses puck.
9:28 of 3rd period - Shot by Alexander Wennberg.
9:28 of 3rd period - Shot Misses the Net.
10:05 of 3rd period - Shot by Chris Kreider.
10:05 of 3rd period - Stopped by Jordan Binnington without a rebound.
10:06 of 3rd period - Trevor Lewis wins face-off versus Barrett Hayton in MapleLeafs zone.
10:13 of 3rd period - Shot by Erik Cernak.
10:13 of 3rd period - Shot Misses the Net.
10:15 of 3rd period - Shot by Anthony Duclair.
10:15 of 3rd period - Deflect By Barrett Hayton.
10:15 of 3rd period - Shot Misses the Net.
10:17 of 3rd period - Shot by Erik Cernak.
10:17 of 3rd period - Shot Misses the Net.
10:19 of 3rd period - Shot by Anthony Duclair.
10:19 of 3rd period - Stopped by Andrei Vasilevskiy without a rebound.
10:20 of 3rd period - Sam Reinhart wins face-off versus Filip Chytil in Devils zone.
10:20 of 3rd period - Sam Reinhart is hit by Jonatan Berggren.
10:26 of 3rd period - Shot by Filip Chytil.
10:26 of 3rd period - Shot Misses the Net.
11:02 of 3rd period - Shot by Sam Reinhart.
11:02 of 3rd period - Shot Misses the Net.
11:50 of 3rd period - Shot by Barrett Hayton.
11:50 of 3rd period - Shot Misses the Net.
11:56 of 3rd period - Shot by Conor Sheary.
11:56 of 3rd period - Shot Misses the Net.
11:58 of 3rd period - Shot by Mikhail Sergachev.
11:58 of 3rd period - Shot Misses the Net.
12:00 of 3rd period - Shot by Alexander Wennberg.
12:00 of 3rd period - Shot Misses the Net.
12:02 of 3rd period - Shot by Conor Sheary.
12:02 of 3rd period - Shot Blocked by John Marino.
12:04 of 3rd period - Shot by Mikhail Sergachev.
12:04 of 3rd period - Shot Misses the Net.
12:18 of 3rd period - Shot by Alexander Wennberg.
12:18 of 3rd period - Shot Blocked by Zach Whitecloud.
13:20 of 3rd period - Icing by Noel Acciari.
13:21 of 3rd period - Noel Acciari wins face-off versus Trevor Lewis in MapleLeafs zone.
13:58 of 3rd period - Shane Pinto is hit by Trevor Lewis and loses puck.
14:44 of 3rd period - Travis Konecny is hit by Erik Cernak and loses puck.
14:49 of 3rd period - Shot by Chris Kreider.
14:49 of 3rd period - Shot Blocked by Barrett Hayton.
15:50 of 3rd period - Conor Sheary is hit by Nicolas Hague.
15:53 of 3rd period - Minor Penalty to Trent Frederic for Elbowing.
15:54 of 3rd period - Noel Acciari wins face-off versus Sam Reinhart in MapleLeafs zone.
15:54 of 3rd period - Noel Acciari is hit by Travis Konecny.
16:29 of 3rd period - Shot by Dougie Hamilton.
16:29 of 3rd period - Goal by Dougie Hamilton - MapleLeafs : 1 - Devils : 1.
16:30 of 3rd period - Evgeni Malkin wins face-off versus Filip Chytil in neutral zone.
16:41 of 3rd period - Shot by Evgeni Malkin.
16:41 of 3rd period - Shot Blocked by Zach Whitecloud.
16:43 of 3rd period - Shot by Matt Boldy.
16:43 of 3rd period - Deflect By Evgeni Malkin.
16:43 of 3rd period - Stopped by Jordan Binnington with a rebound.
16:45 of 3rd period - Shot by Dylan Cozens.
16:45 of 3rd period - Deflect By Evgeni Malkin.
16:45 of 3rd period - Shot Misses the Net.
17:12 of 3rd period - Shot by Evgeni Malkin.
17:12 of 3rd period - Shot Misses the Net.
17:40 of 3rd period - Shot by Trevor Lewis.
17:40 of 3rd period - Shot Blocked by Alexander Romanov.
17:42 of 3rd period - Shot by Mathieu Joseph.
17:42 of 3rd period - Stopped by Jordan Binnington with a rebound.
18:12 of 3rd period - Minor Penalty to Rasmus Sandin for Roughing.
18:13 of 3rd period - Sam Reinhart wins face-off versus Noel Acciari in MapleLeafs zone.
18:13 of 3rd period - Chris Kreider is hit by Alexander Romanov and loses puck.
18:22 of 3rd period - Shot by Chris Kreider.
18:22 of 3rd period - Shot Misses the Net.
18:38 of 3rd period - Shot by Sam Reinhart.
18:38 of 3rd period - Stopped by Jordan Binnington without a rebound.
18:39 of 3rd period - Noel Acciari wins face-off versus Evgeni Malkin in MapleLeafs zone.
18:52 of 3rd period - Shot by Damon Severson.
18:52 of 3rd period - Shot Misses the Net.
18:54 of 3rd period - Shot by Matt Boldy.
18:54 of 3rd period - Stopped by Jordan Binnington with a rebound.
18:56 of 3rd period - Shot by Damon Severson.
18:56 of 3rd period - Stopped by Jordan Binnington without a rebound.
18:57 of 3rd period - Noel Acciari wins face-off versus Sam Reinhart in MapleLeafs zone.
18:57 of 3rd period - Noel Acciari is hit by Travis Konecny.
19:11 of 3rd period - Shot by Chris Kreider.
19:11 of 3rd period - Deflect By Sam Reinhart.
19:11 of 3rd period - Shot Blocked by Nicolas Hague.
19:30 of 3rd period - Icing by Mikhail Sergachev.
19:31 of 3rd period - Noel Acciari wins face-off versus Sam Reinhart in Devils zone.
19:31 of 3rd period - Noel Acciari is hit by Mikhail Sergachev.
Goals for this period are 0 for MapleLeafs vs 1 for Devils.
Shots for this period are 5 for MapleLeafs vs 9 for Devils.

Overtime #1


0:01 of 1st overtime period - Noel Acciari wins face-off versus Sam Reinhart in neutral zone.
0:07 of 1st overtime period - Icing by Dougie Hamilton.
0:08 of 1st overtime period - Noel Acciari wins face-off versus Sam Reinhart in Devils zone.
0:08 of 1st overtime period - Alexander Romanov is hit by Mikhail Sergachev and loses puck.
0:13 of 1st overtime period - Shot by Barrett Hayton.
0:13 of 1st overtime period - Shot Misses the Net.
0:15 of 1st overtime period - Shot by Erik Cernak.
0:15 of 1st overtime period - Shot Misses the Net.
0:35 of 1st overtime period - Shot by Chris Kreider.
0:35 of 1st overtime period - Deflect By Sam Reinhart.
0:35 of 1st overtime period - Stopped by Jordan Binnington without a rebound.
0:36 of 1st overtime period - Sam Reinhart wins face-off versus Shane Pinto in MapleLeafs zone.
0:51 of 1st overtime period - Shot by Chris Kreider.
0:51 of 1st overtime period - Deflect By Sam Reinhart.
0:51 of 1st overtime period - Shot Misses the Net.
0:53 of 1st overtime period - Shot by Chris Kreider.
0:53 of 1st overtime period - Shot Misses the Net.
0:55 of 1st overtime period - Shot by Chris Kreider.
0:55 of 1st overtime period - Deflect By Sam Reinhart.
0:55 of 1st overtime period - Shot Misses the Net.
1:16 of 1st overtime period - Icing by Chris Kreider.
1:17 of 1st overtime period - Anthony Duclair wins face-off versus Sam Reinhart in Devils zone.
1:25 of 1st overtime period - Shot by Drake Batherson.
1:25 of 1st overtime period - Stopped by Andrei Vasilevskiy without a rebound.
1:26 of 1st overtime period - Evgeni Malkin wins face-off versus Anthony Duclair in Devils zone.
1:53 of 1st overtime period - Shot by Anthony Duclair.
1:53 of 1st overtime period - Deflect By Drake Batherson.
1:53 of 1st overtime period - Shot Misses the Net.
1:55 of 1st overtime period - Shot by Drake Batherson.
1:55 of 1st overtime period - Stopped by Andrei Vasilevskiy without a rebound.
1:56 of 1st overtime period - Evgeni Malkin wins face-off versus Shane Pinto in Devils zone.
3:25 of 1st overtime period - Shot by Anthony Duclair.
3:25 of 1st overtime period - Stopped by Andrei Vasilevskiy with a rebound.
3:50 of 1st overtime period - Icing by Ryan Graves.
3:51 of 1st overtime period - Noel Acciari wins face-off versus Matt Boldy in Devils zone.
3:52 of 1st overtime period - Shot by Arthur Kaliyev.
3:52 of 1st overtime period - Shot Misses the Net.
4:16 of 1st overtime period - Shot by Nino Niederreiter.
4:16 of 1st overtime period - Deflect By Matt Boldy.
4:16 of 1st overtime period - Shot Misses the Net.
4:30 of 1st overtime period - Shot by Nino Niederreiter.
4:30 of 1st overtime period - Stopped by Jordan Binnington with a rebound.
4:34 of 1st overtime period - Shot by Nino Niederreiter.
4:34 of 1st overtime period - Shot Misses the Net.
Goals for this period are 0 for MapleLeafs vs 0 for Devils.
Shots for this period are 3 for MapleLeafs vs 2 for Devils.

ShootOut


5:00 of 1st overtime period - Round #1.
5:00 of 1st overtime period - MapleLeafs, Jonathan Huberdeau.
5:00 of 1st overtime period - Stopped by Andrei Vasilevskiy.
5:00 of 1st overtime period - Devils, Sam Reinhart.
5:00 of 1st overtime period - Shot Misses the Net.
5:00 of 1st overtime period - Round #2.
5:00 of 1st overtime period - MapleLeafs, Anthony Duclair.
5:00 of 1st overtime period - Stopped by Andrei Vasilevskiy.
5:00 of 1st overtime period - Devils, Chris Kreider.
5:00 of 1st overtime period - Stopped by Jordan Binnington.
5:00 of 1st overtime period - Round #3.
5:00 of 1st overtime period - MapleLeafs, Drake Batherson.
5:00 of 1st overtime period - Stopped by Andrei Vasilevskiy.
5:00 of 1st overtime period - Devils, Evgeni Malkin.
5:00 of 1st overtime period - Goal by Evgeni Malkin.